 Dungeon Crawl Stone Soup version 0.31.0-12-g77e489cdc1 (webtiles) character file.

Game seed: 3736942472287917532

9 Scypho the Ducker (level 2, 21/22 HPs)
             Began as a Merfolk Gladiator on Feb 14, 2024.
             Quit the game on level 1 of the Dungeon.
             The game lasted 00:00:23 (160 turns).

Scypho the Ducker (Merfolk Gladiator)                Turns: 160, Time: 00:00:23

Health: 21/22      AC:  4    Str: 14    XL:     2   Next: 12%
Magic:  2/2        EV: 13    Int:  7    God:
Gold:   14         SH:  0    Dex: 15    Spells: 1/1 levels left

rFire   . . .        a - +0 flail
rCold   . . .        (no shield)
rNeg    . . .        b - +0 leather armour
rPois   .            c - +0 helmet
rElec   .            (no cloak)
rCorr   .            (no gloves)
SInv    .            (no boots)
Will    .....        (no amulet)
Stlth   +            (no ring)
HPRegen 0.23/turn    (no ring)
MPRegen 0.08/turn

%: no passive effects
@: no status effects
A: (nimble swimmer 2), mertail
a: no special abilities


You were on level 1 of the Dungeon.
You visited 1 branch of the dungeon, and saw 1 of its levels.

You collected 14 gold pieces.

Inventory:

Hand Weapons
 a - a +0 flail (weapon)
Missiles
 d - 3 throwing nets (quivered)
 e - a javelin
Armour
 b - a +0 leather armour (worn)
 c - a +0 helmet (worn)


   Skills:
 + Level 2.2 Fighting
 + Level 2.7 Maces & Flails
 + Level 2.1 Throwing
 + Level 4.2 Dodging


You had one spell level left.
You didn't know any spells.
Your spell library contained the following spells:

 Spells                   Type           Power      Damage    Failure   Level
 Cigotuvi's Dreadful Rot  Necr/Alch/Air  0%         N/A       65%         2
 Dispel Undead            Necr           0%         3d6       99%         4
 Martyr's Knell           Necr/Summ      0%         N/A       99%         4
 Death Channel            Necr           0%         N/A       100%        6


Dungeon Overview and Level Annotations

Branches:
Dungeon (1/15)

Altars:


Innate Abilities, Weirdness & Mutations

((You are very nimble when in or above water. (Stealth+, EV+, Speed+++)))
Your lower body shifts to a powerful aquatic tail in water.


Message History

A rat comes into view.
A rat is nearby!
The rat squeaks loudly.
A rat is nearby!
The rat bites you but does no damage.
You barely miss the rat. The rat bites you but does no damage.
You hit the rat.
You kill the rat!
A kobold comes into view. It is wielding a +0 dagger.
The kobold shouts!
The kobold moves out of view.
Found 5 stones.
You hit the kobold.
You kill the kobold!
Things that are here:
a +0 dagger; 5 stones; a kobold corpse
Found a book of Decay.
You pick up a book of Decay and begin reading...
You add the spells Cigotuvi's Dreadful Rot, Dispel Undead, Martyr's Knell and Death Channel to your library.
Things that are here:
a +0 dagger; 5 stones; a kobold corpse You now have 14 gold pieces (gained 2).
An endoplasm comes into view.
An endoplasm is nearby!
The endoplasm quivers.
The endoplasm hits you but does no damage.
You hit the endoplasm.
You kill the endoplasm!
You have reached level 2!
Found a stone staircase leading down.
A giant cockroach comes into view.
A giant cockroach is nearby!
You hit the giant cockroach but do no damage.
The giant cockroach completely misses you.
You completely miss the giant cockroach.
The giant cockroach bites you. The giant cockroach closely misses you.
You hit the giant cockroach.
You kill the giant cockroach!
Unknown command.
Are you sure you want to abandon this character and quit the game? (Confirm with "yes".)

♣♣♣♣♣
#######
♣P.P .♣
#.....#
♣♣.♣♣♣.♣
#...>.#
♣♣...P♣.♣
#.....#
♣♣....♣♣.♣
#.....+
....⌠.P♣.♣
#.....##
.♣P....♣.♣
#.@..#
.♣♣P♣....♣
#....#
.♣♣♣♣♣...♣
#....#
........<♣
#....#
♣♣♣♣♣♣♣♣♣♣
###.##
##### #.#
....# #.#
###.# #.#
.(#.# #.#


There were no monsters in sight!

Vanquished Creatures
  A dart slug (D:1)
  A ball python (D:1)
  An endoplasm (D:1)
  A giant cockroach (D:1)
  2 kobolds (D:1)
  A rat (D:1)
7 creatures vanquished.

Notes
Turn   | Place    | Note
-------+----------+-------------------------------------------
     0 | D:1      | Scypho the Merfolk Gladiator began the quest for the Orb.
     0 | D:1      | Reached XP level 1. HP: 16/16 MP: 1/1
   150 | D:1      | Reached XP level 2. HP: 22/22 MP: 2/2
   160 | D:1      | Quit the game

Illustrated notes

Levels and vault maps discovered:
D:1:      psy_arrival_fountain, layout_basic

Action                     || total
---------------------------++-------
  Melee: Flail             ||    16
 Armour: Leather armour    ||     7
  Dodge: Dodged            ||     8
